 Dungeon Crawl Stone Soup version 0.31.0-32-g396128a36d (webtiles) character file.

Game seed: 18177092144506897968

4226 monsoonserge the Grappler (level 10, -6/114 HPs)
             Began as a Gnoll Shapeshifter on Mar 11, 2024.
             Was a Follower of Wu Jian.
             Mangled by Maurice
             ... wielding a +1 short sword of electrocution
              (19 damage)
             ... on level 8 of the Dungeon.
             The game lasted 00:22:13 (7459 turns).

monsoonserge the Grappler (Gnoll Shapeshifter)      Turns: 7459, Time: 00:22:13

Health: -6/114     AC: 25    Str: 19    XL:     10   Next: 30%
Magic:  0/18       EV:  2    Int:  9    God:    Wu Jian [*.....]
Gold:   0          SH:  0    Dex: 17    Spells: 19/19 levels left

rFire   . . .        D - +5 scimitar (freeze)
rCold   . . .        (no shield)
rNeg    + . .        G - melded +0 swamp dragon scales
rPois   +            u - melded +0 helmet
rElec   .            (cloak currently unavailable)
rCorr   .            n - melded +2 pair of gloves
SInv    .            (boots currently unavailable)
Will    .....        t - amulet of guardian spirit
Stlth   +++          z - ring of positive energy
HPRegen 0.39/turn    w - +6 ring of dexterity
MPRegen 0.16/turn

%: guardian spirit
@: tree-form
A: stationary, stasis, torment immunity, boosted hp, (fangs 1), strong nose,
distributed training
a: Renounce Religion


You were on level 8 of the Dungeon.
You worshipped Wu Jian.
Wu Jian was aware of your devotion.
You were a tree.
You visited 2 branches of the dungeon, and saw 9 of its levels.

Inventory:

Hand Weapons
 D - a +5 scimitar of freezing (weapon)
Missiles
 h - 16 poisoned darts
Armour
 n - a +2 pair of gloves (melded)
 u - a +0 helmet (melded)
 y - a +0 plate armour
 C - a +1 ring mail of fire resistance
 E - a +0 pair of gloves
 G - +0 swamp dragon scales (melded)
Magical Staves
 F - a staff of alchemy
Jewellery
 t - an amulet of guardian spirit (around neck)
 w - a +6 ring of dexterity (right branch)
 z - a ring of positive energy (left branch)
Talismans
 d - a flux talisman
Wands
 i - a wand of flame (6)
 m - a wand of roots (10)
 H - a wand of digging (4)
Scrolls
 a - 3 scrolls of summoning
 e - 3 scrolls of amnesia
 j - a scroll of immolation {unknown}
 k - 2 scrolls of enchant armour
 l - 2 scrolls of enchant weapon {unknown}
 o - 3 scrolls of revelation
 q - 2 scrolls of blinking
 s - a scroll of vulnerability {unknown}
 x - 2 scrolls of teleportation {unknown}
Potions
 b - a potion of lignification
 f - a potion of berserk rage {unknown}
 g - a potion of brilliance
 p - a potion of curing
 r - a potion of ambrosia
 v - a potion of enlightenment {unknown}


   Skills:
 + Level 6.0 Fighting
 + Level 5.3 Short Blades
 + Level 5.3 Long Blades
 + Level 5.3 Axes
 + Level 5.3 Maces & Flails
 + Level 5.3 Polearms
 + Level 5.3 Staves
 + Level 5.3 Ranged Weapons
 + Level 5.3 Throwing
 + Level 5.3 Armour
 + Level 7.1 Dodging
 + Level 5.3 Stealth
 + Level 5.3 Shields
 + Level 8.5 Unarmed Combat
 + Level 5.3 Spellcasting
 + Level 4.4 Conjurations
 + Level 4.4 Hexes
 + Level 4.4 Summonings
 + Level 4.4 Necromancy
 + Level 4.4 Translocations
 + Level 4.4 Fire Magic
 + Level 4.4 Ice Magic
 + Level 4.4 Air Magic
 + Level 4.4 Earth Magic
 + Level 4.4 Alchemy
 + Level 5.9 Invocations
 + Level 5.3 Evocations
 + Level 8.2 Shapeshifting


You had 19 spell levels left.
You didn't know any spells.
Your spell library contained the following spells:

 Spells                   Type           Power      Damage    Failure   Level
 Sandblast                Erth           20%        2d7       3%          1
 Sublimation of Blood     Necr           10%        N/A       6%          2
 Gell's Gravitas          Tloc           10%        N/A       12%         3
 Passwall                 Erth           10%        N/A       12%         3
 Stone Arrow              Conj/Erth      20%        3d8       12%         3
 Teleport Other           Tloc           10%        N/A       12%         3
 Brom's Barrelling Bould  Conj/Erth      10%        2d3       36%         4
 Petrify                  Alch/Erth      10%        N/A       36%         4
 Irradiate                Conj/Alch      5%         3d13      71%         5
 Dispersal                Tloc           5%         N/A       99%         6


Dungeon Overview and Level Annotations

Branches:
Dungeon (8/15)             Temple (1/1) D:6
   Lair: D:8-11

Altars:
Cheibriados
Dithmenos
Elyvilon
Fedhas
Gozag
Nemelex Xobeh
Okawaru
Qazlal
Sif Muna
Vehumet
Wu Jian
Xom
Yredelemnul
The Shining One

Shops:
D:7 (

Portals:
Bailey: D:8

Annotations:
D:8 Maurice


Innate Abilities, Weirdness & Mutations

You are a tree.
Your roots penetrate the ground, keeping you stationary.
You cannot be teleported.
You are immune to unholy pain and torment.
Your maximum health is greatly increased.
Your equipment is partially melded.
((You have very sharp teeth.))
Your uncanny sense of smell can sniff out nearby items.
Your experience applies equally to all skills.


Message History

Something bites you. Something drains your magic.
You slash something! You freeze something. Your bite misses something.
The goblin hits you with a +0 hand axe.
You hear a zap.
A puff of flame appears from out of thin air!
The puff of flame hits you. The goblin closely misses you.
You hit something. You freeze something. Something hits you but does no damage.
You are electrocuted!
Something bites you.
* * * LOW HITPOINT WARNING * * *
Something drains your magic. The goblin hits you but does no damage.
Something hits you.
* * * LOW HITPOINT WARNING * * *
Something grunts, "Curses!"
You are electrocuted!
* * * LOW HITPOINT WARNING * * *
Something bites you.
* * * LOW HITPOINT WARNING * * *
Something drains your magic.
You see here a +0 hand axe.
Your transformation has ended.
Your +0 helmet unmelds from your body.
Your +2 pair of gloves unmelds from your body.
You turn into a tree.
Your +0 helmet melds into your body.
Your +2 pair of gloves melds into your body.
Your +0 swamp dragon scales melds into your body.
Your roots penetrate the ground.
You hear a zap.
A puff of flame appears from out of thin air!
The puff of flame hits you but does no damage.
You cannot move.
Press: ? - help, v - describe, . - travel
Here: a goblin, wielding a +0 hand axe The floor.
You cannot move.
You cannot move.
You slash something! You freeze something. Something completely misses you.
Something bites you but does no damage.
You miss something. Something hits you but does no damage.
You are electrocuted!!
You die...

.# #.# .# #. #.#
.# ##.####.# .#
....##.# ... ~
~~.##.# .##
#.~#####~.##.#
#.~#...#~.##.# #
#.~#.∩..~.##.#
.# ###.~#
#)g{♣.#
#...~#####~.####
####.#.~~~~~≈≈.#
....)........).#
#...).........##
#####.###...###
#.# ##.## #.#
#.# ## #.# #.#


You could see a goblin.

Vanquished Creatures
  A two-headed ogre (D:7)
  Maggie (D:7)
  The ghost of Pumpkin69 the Trooper, an amateur OpFi (D:3)
  Sigmund (D:3)
  4 yaks (D:8)
  4 water moccasins
  2 ice beasts (D:7)
  2 ogres (D:5)
  A sky beast (D:5)
  5 bullfrogs
  6 wights
  2 killer bees (D:6)
  An electric eel (D:6)
  A howler monkey (D:6)
  4 hounds
  6 jellies
  An orc priest (D:8)
  2 sleepcaps (D:5)
  Natasha (thrice) (D:3)
  3 iguanas
  2 orc wizards
  Robin (D:2)
  3 gnolls
  4 adders
  2 ufetubi (D:5)
  An adder zombie (D:3)
  2 dart slugs (D:4)
  2 ribbon worms (D:2)
  17 orcs
  10 endoplasms
  3 giant cockroaches
  11 goblins
  14 hobgoblins
  2 jackals
  5 quokkas
  6 ball pythons
  2 bats
  4 frilled lizards
  A giant cockroach zombie (D:3)
  6 kobolds
  5 rats
154 creatures vanquished.

Vanquished Creatures (others)
  A killer bee (D:6)
1 creature vanquished.

Grand Total: 155 creatures vanquished

Notes
Turn   | Place    | Note
-------+----------+-------------------------------------------
     0 | D:1      | monsoonserge the Gnoll Shapeshifter began the quest for the
                  | Orb.
     0 | D:1      | Reached XP level 1. HP: 17/17 MP: 1/1
    75 | D:1      | Reached XP level 2. HP: 21/23 MP: 2/2
   241 | D:1      | Found a faded altar of an unknown god.
   569 | D:2      | Reached XP level 3. HP: 18/28 MP: 2/4
   694 | D:2      | Reached skill level 1 in Invocations
   913 | D:2      | Reached skill level 1 in Short Blades
   913 | D:2      | Reached skill level 1 in Long Blades
   913 | D:2      | Reached skill level 1 in Axes
   913 | D:2      | Reached skill level 1 in Maces & Flails
   913 | D:2      | Reached skill level 1 in Polearms
   913 | D:2      | Reached skill level 1 in Staves
   913 | D:2      | Reached skill level 1 in Ranged Weapons
   913 | D:2      | Reached skill level 1 in Throwing
   913 | D:2      | Reached skill level 1 in Armour
   913 | D:2      | Reached skill level 1 in Stealth
   913 | D:2      | Reached skill level 1 in Shields
   913 | D:2      | Reached skill level 1 in Spellcasting
   913 | D:2      | Reached skill level 1 in Evocations
  1055 | D:2      | Noticed Robin
  1068 | D:2      | Reached XP level 4. HP: 28/34 MP: 5/5
  1073 | D:2      | Killed Robin
  1566 | D:3      | Reached skill level 1 in Conjurations
  1566 | D:3      | Reached skill level 1 in Hexes
  1566 | D:3      | Reached skill level 1 in Summonings
  1566 | D:3      | Reached skill level 1 in Necromancy
  1566 | D:3      | Reached skill level 1 in Translocations
  1566 | D:3      | Reached skill level 1 in Fire Magic
  1566 | D:3      | Reached skill level 1 in Ice Magic
  1566 | D:3      | Reached skill level 1 in Air Magic
  1566 | D:3      | Reached skill level 1 in Earth Magic
  1566 | D:3      | Reached skill level 1 in Alchemy
  1600 | D:3      | Noticed Natasha
  1605 | D:3      | Killed Natasha
  1674 | D:3      | Found a runed translucent gate.
  1674 | D:3      | Found a runed translucent gate.
  1674 | D:3      | Found a runed translucent gate.
  1674 | D:3      | Noticed Pumpkin69's ghost (amateur OpFi)
  1676 | D:3      | Found a basalt altar of Yredelemnul.
  1759 | D:3      | Noticed Sigmund
  1795 | D:4      | Reached XP level 5. HP: 25/41 MP: 5/7
  1898 | D:4      | Found a blossoming altar of Fedhas.
  2553 | D:4      | Found a shadowy altar of Dithmenos.
  2678 | D:3      | Reached XP level 6. HP: 40/47 MP: 5/8
  2711 | D:3      | Noticed Natasha
  2722 | D:3      | Killed Natasha
  2723 | D:3      | Reached skill level 5 in Dodging
  2756 | D:3      | Found a white marble altar of Elyvilon.
  2764 | D:3      | Became a worshipper of Elyvilon the Healer
  2956 | D:3      | Found a radiant altar of Vehumet.
  3022 | D:3      | Noticed Natasha
  3029 | D:3      | Killed Natasha
  3107 | D:3      | Killed Sigmund
  3108 | D:3      | Reached XP level 7. HP: 46/52 MP: 8/10
  3395 | D:4      | Found a glowing golden altar of the Shining One.
  3596 | D:4      | Reached * piety under Elyvilon
  3725 | D:5      | Entered Level 5 of the Dungeon
  3888 | D:5      | Found a sparkling altar of Nemelex Xobeh.
  4144 | D:5      | Reached ** piety under Elyvilon
  4550 | D:5      | Reached XP level 8. HP: 25/60 MP: 5/12
  4958 | D:6      | Reached *** piety under Elyvilon
  5190 | D:6      | Found a staircase to the Ecumenical Temple.
  5196 | Temple   | Entered the Ecumenical Temple
  5203 | Temple   | Fell from the grace of Elyvilon
  5203 | Temple   | Became a worshipper of the Wu Jian Council
  5620 | D:6      | Reached XP level 9. HP: 24/67 MP: 11/15
  6310 | D:7      | Noticed a two-headed ogre
  6319 | D:7      | Killed a two-headed ogre
  6320 | D:7      | Reached skill level 5 in Fighting
  6576 | D:3      | Killed Pumpkin69's ghost
  6577 | D:3      | Reached skill level 5 in Invocations
  6831 | D:7      | Found Husch's Weapon Emporium.
  6834 | D:7      | Noticed Maggie
  6843 | D:7      | Killed Maggie
  7025 | D:7      | Reached skill level 5 in Short Blades
  7025 | D:7      | Reached skill level 5 in Long Blades
  7025 | D:7      | Reached skill level 5 in Axes
  7025 | D:7      | Reached skill level 5 in Maces & Flails
  7025 | D:7      | Reached skill level 5 in Polearms
  7025 | D:7      | Reached skill level 5 in Staves
  7025 | D:7      | Reached skill level 5 in Ranged Weapons
  7025 | D:7      | Reached skill level 5 in Throwing
  7025 | D:7      | Reached skill level 5 in Armour
  7025 | D:7      | Reached skill level 5 in Stealth
  7025 | D:7      | Reached skill level 5 in Shields
  7025 | D:7      | Reached skill level 5 in Spellcasting
  7025 | D:7      | Reached skill level 5 in Evocations
  7025 | D:7      | Reached XP level 10. HP: 76/76 MP: 17/17
  7306 | D:8      | Reached * piety under Wu Jian
  7360 | D:8      | Found an iron altar of Okawaru.
  7428 | D:8      | Noticed Maurice
  7436 | D:8      | Something stole a beast talisman
  7440 | D:8      | Found a flagged portal.
  7449 | D:8      | Something stole a staff of fire
  7451 | D:8      | Something stole a boomerang
  7452 | D:8      | Something stole 373 gold
  7459 | D:8      | Mangled by Maurice

Illustrated notes

Levels and vault maps discovered:
D:1:      dpeg_arrival_connections, layout_rooms,
          hellmonk_ecumenical_altar_zigzags
D:2:      layout_basic, chequers_avenue, minmay_randomly_rotated_circles,
          uniq_robin
D:3:      layout_loops_cross, amcnicky_altar_gilded,
          nicolae_yredelemnul_ghost_church, elyvilon_altar_1, uniq_natasha,
          uniq_sigmund
D:4:      layout_cave_pods, tso_altar, mainiacjoe_overflow_brackets,
          mainiacjoe_overflow_alcove_1, kennysheep_boxes
D:5:      layout_loops_corners, nemelex_diamond_rough_becter, moated_statue
D:6:      layout_rooms, temple_green, serial_bayou_lake_a
D:7:      layout_layer_cave, grunt_ashenzari_visionary
          [grunt_ashenzari_visionary_swamp, grunt_ashenzari_visionary_spider],
          serial_shops, shop, minmay_puff, uniq_maggie
D:8:      layout_loops_ring, hellmonk_okawaru_the_only_friend_you_need,
          mainiacjoe_overflow_alcove_2, enter_bailey_3, uniq_maurice
Temple:   hellmonk_temple_micro_hex

Skill      XL: |  1  2  3  4  5  6  7  8  9 10 |
---------------+-------------------------------+-----
Invocations    | 1 2 3 4 5 |  5.9
Short Blades   | 1 2 3 4 5 |  5.3
Long Blades    | 1 2 3 4 5 |  5.3
Axes           | 1 2 3 4 5 |  5.3
Maces & Flails | 1 2 3 4 5 |  5.3
Polearms       | 1 2 3 4 5 |  5.3
Staves         | 1 2 3 4 5 |  5.3
Ranged Weapons | 1 2 3 4 5 |  5.3
Throwing       | 1 2 3 4 5 |  5.3
Armour         | 1 2 3 4 5 |  5.3
Stealth        | 1 2 3 4 5 |  5.3
Shields        | 1 2 3 4 5 |  5.3
Spellcasting   | 1 2 3 4 5 |  5.3
Evocations     | 1 2 3 4 5 |  5.3
Conjurations   | 1 2 3 4 |  4.4
Hexes          | 1 2 3 4 |  4.4
Summonings     | 1 2 3 4 |  4.4
Necromancy     | 1 2 3 4 |  4.4
Translocations | 1 2 3 4 |  4.4
Fire Magic     | 1 2 3 4 |  4.4
Ice Magic      | 1 2 3 4 |  4.4
Air Magic      | 1 2 3 4 |  4.4
Earth Magic    | 1 2 3 4 |  4.4
Alchemy        | 1 2 3 4 |  4.4
Fighting       | 3 4 5 6 |  6.0
Dodging        | 5 6 7 |  7.1
Unarmed Combat | 7 8 |  8.5
Shapeshifting  | 7 8 |  8.2

Action                     |  1- 3 |  4- 6 |  7- 9 | 10-12 || total
---------------------------+-------+-------+-------+-------++-------
  Melee: Unarmed           |    84 |   163 |    99 |       ||   346
         Bite              |    11 |    30 |    22 |     7 ||    70
         Scimitar          |       |       |    75 |    63 ||   138
         Punch             |       |       |     1 |     2 ||     3
  Throw: Boomerang         |       |       |     2 |     1 ||     3
         Dart              |       |       |     5 |     2 ||     7
Ability: Lunge             |       |       |     8 |     4 ||    12
         Whirlwind         |       |       |       |     2 ||     2
    Use: Scroll            |       |       |     5 |     1 ||     6
         Potion            |       |       |       |     3 ||     3
   Stab: Sleeping          |       |       |     1 |     2 ||     3
 Armour: Animal skin       |    14 |       |       |       ||    14
         Ring mail         |     9 |       |    63 |       ||    72
         Skin              |     7 |    45 |    28 |     3 ||    83
         Swamp dragon scal |       |       |     1 |    75 ||    76
  Dodge: Dodged            |    48 |   132 |   128 |    56 ||   364
   Form: Flux              |     1 |     2 |       |       ||     3
         Beast             |       |     2 |     1 |       ||     3
